 Dungeon Crawl Stone Soup version 0.23.2 (webtiles) character file.

Game seed: 17635784561401452638

203446 Menchi the Covert (level 18, -7/142 HPs)
             Began as a Gnoll Assassin on Apr 3, 2019.
             Was the Champion of Nemelex Xobeh.
             Mangled by a deep troll (17 damage)
             ... on level 15 of the Dungeon on Apr 4, 2019.
             The game lasted 04:32:41 (36060 turns).

Menchi the Covert (Gnoll Assassin)                 Turns: 36060, Time: 04:32:41

Health: -7/142     AC: 21    Str: 27    XL:     18   Next: 61%
Magic:  19/34      EV: 31    Int: 18    God:    Nemelex Xobeh [******]
Gold:   761        SH:  0    Dex: 26    Spells: 13/41 levels left

rFire    . . .     SeeInvis .   h - +10 shortbow of Makhleb's Wrath {venom, Str+3 Dex+4}
rCold    + . .     Gourm    +   (shield currently unavailable)
rNeg     . . .     Faith    .   H - +3 ring mail {rPois}
rPois    +         Spirit   .   F - +2 helmet {Int+3}
rElec    +         Reflect  .   y - scarf {repulsion}
rCorr    .         Harm     .   i - +2 pair of gloves {Str+3}
MR       +....                  q - +2 pair of boots {run}
Stlth    ++++++....             f - amulet of the gourmand
HPRegen  1.33/turn              M - ring of Dishonesty {rElec rC+ Int+2 Dex+4}
MPRegen  0.24/turn              S - ring of Phasing {EV+8}

@: very slightly contaminated, regenerating, studying Crossbows, repel missiles,
quick
A: distributed training, fangs 1, mutation resistance 1, MP-powered wands,
strong nose
}: 1/15 runes: serpentine
a: Draw Escape, Draw Destruction, Draw Summoning, Triple Draw, Deal Four, Stack
Five, Renounce Religion


You were on level 15 of the Dungeon.
You worshipped Nemelex Xobeh.
Nemelex Xobeh was exalted by your worship.
You were very full.

You visited 5 branches of the dungeon, and saw 28 of its levels.

You collected 3035 gold pieces.
You spent 2274 gold pieces at shops.

Inventory:

Hand Weapons
 h - the +10 shortbow of Makhleb's Wrath (weapon) {venom, Str+3 Dex+4}
   (You bought it in a shop on level 2 of the Orcish Mines)

   It poisons the ammo it fires.
   It affects your strength (+3).
   It affects your dexterity (+4).
 O - the +11 dagger "Wafoloph" {pierce, *Contam rC++}
   (You found it on level 15 of the Dungeon)

   It inflicts extra damage upon your enemies.
   It greatly protects you from cold.
   It causes magical contamination when unequipped.
Missiles
 w - 363 arrows (quivered)
Armour
 i - a +2 pair of gloves of strength (worn)
 q - a +2 pair of boots of running (worn)
 y - a scarf of repulsion (worn)
 F - a +2 helmet of intelligence (worn)
 H - a +3 ring mail of poison resistance (worn)
Jewellery
 f - an amulet of the gourmand (around neck)
 M - the ring of Dishonesty (left hand) {rElec rC+ Int+2 Dex+4}
   (You found it on level 13 of the Dungeon)

   [ring of protection from cold]

   It affects your intelligence (+2).
   It affects your dexterity (+4).
   It protects you from cold.
   It insulates you from electricity.
 S - the ring of Phasing (right hand) {EV+8}
   (You found it on level 9 of the Dungeon)

   [ring of evasion]

   It affects your evasion (+8).
Wands
 c - a wand of disintegration (15)
 e - a wand of random effects (42)
 t - a wand of digging (5)
 x - a wand of enslavement (8)
 B - a wand of scattershot (5)
 E - a wand of flame (19)
 G - a wand of iceblast (9)
 K - a wand of paralysis (23)
 P - a wand of polymorph (10)
 T - a wand of acid (12)
 U - a wand of clouds (4)
Scrolls
 a - 5 scrolls of teleportation
 d - 4 scrolls of brand weapon
 l - 3 scrolls of enchant weapon
 m - 4 scrolls of fog
 p - 7 scrolls of amnesia
 s - 3 scrolls of fear
 z - 9 scrolls of remove curse
 A - 5 scrolls of identify
 C - 4 scrolls of magic mapping
 Q - a scroll of holy word {unknown}
 R - 4 scrolls of blinking
 Y - 3 scrolls of summoning
 Z - 2 scrolls of enchant armour
Potions
 j - 4 potions of lignification
 k - a potion of brilliance
 o - a potion of curing
 r - 2 potions of magic
 u - 3 potions of cancellation
 v - 3 potions of invisibility
 D - 3 potions of resistance
 I - 6 potions of ambrosia
 J - a potion of haste
 N - 3 potions of heal wounds
 V - 9 potions of flight
 W - 3 potions of might
 X - 4 potions of agility
Books
 n - a manual of Crossbows
Miscellaneous
 L - a crystal ball of energy
Comestibles
 g - 52 rations


   Skills:
 + Level 12.8 Fighting
 + Level 12.8 Short Blades
 + Level 12.1 Long Blades
 + Level 13.4 Axes
 + Level 12.1 Maces & Flails
 + Level 12.1 Polearms
 + Level 12.1 Staves
 + Level 12.1 Slings
 + Level 12.1 Bows
 + Level 12.2 Crossbows
 + Level 12.8 Throwing
 + Level 12.1 Armour
 + Level 12.3 Dodging
 + Level 13.9 Stealth
 + Level 12.1 Shields
 + Level 12.1 Unarmed Combat
 + Level 12.1 Spellcasting
 + Level 10.3 Conjurations
 + Level 10.3 Hexes
 + Level 10.3 Charms
 + Level 10.3 Summonings
 + Level 10.3 Necromancy
 + Level 10.3 Translocations
 + Level 10.3 Transmutations
 + Level 10.3 Fire Magic
 + Level 10.3 Ice Magic
 + Level 10.3 Air Magic
 + Level 10.3 Earth Magic
 + Level 10.3 Poison Magic
 + Level 13.0 Invocations
 + Level 12.1 Evocations


You had 13 spell levels left.
You knew the following spells:

 Your Spells              Type           Power        Failure   Level  Hunger
a - Infusion              Chrm           ####         1%          1    None
b - Regeneration          Chrm/Necr      #####.....   1%          3    None
c - Song of Slaying       Chrm           #####...     1%          2    None
d - Force Lance           Conj/Tloc      #####...     1%          4    ##.....
e - Lightning Bolt        Conj/Air       #####.....   3%          5    ####...
f - Animate Dead          Necr           N/A          1%          4    ##.....
g - Alistair's Intoxicat  Tmut/Pois      #####...     3%          5    ####...
h - Airstrike             Air            #####.....   1%          4    ##.....

Your spell library contained the following spells:

 Spells                   Type           Power        Failure   Level  Hunger
 Animate Skeleton         Necr           N/A          1%          1    None
 Apportation              Tloc           #####.       1%          1    None
 Confusing Touch          Hex            #####.       1%          1    None
 Shock                    Conj/Air       ####         1%          1    None
 Summon Butterflies       Summ           #####...     1%          1    None
 Summon Small Mammal      Summ           ####         1%          1    None
 Shroud of Golubria       Chrm/Tloc      #####.....   1%          2    None
 Swiftness                Chrm/Air       #####...     1%          2    None
 Lesser Beckoning         Tloc           #####.....   1%          3    None
 Recall                   Summ/Tloc      N/A          1%          3    None
 Spectral Weapon          Hex/Chrm       #####...     1%          3    None
 Static Discharge         Conj/Air       #####...     1%          3    None
 Tukima's Dance           Hex            #####...     1%          3    None
 Borgnjor's Vile Clutch   Necr/Erth      #####.....   3%          5    ####...
 Excruciating Wounds      Chrm/Necr      #####.....   3%          5    ####...
 Death Channel            Necr           #####.....   19%         6    ######.
 Invisibility             Hex            #####...     19%         6    ######.
 Simulacrum               Ice/Necr       #####.....   19%         6    ######.
 Ring of Flames           Chrm/Fire      #####.....   71%         7    #######


Dungeon Overview and Level Annotations

Branches:
Dungeon (15/15)            Temple (0/1) D:4            Lair (6/6) D:11
  Swamp (0/4) Lair:4        Snake (4/4) Lair:4        Slime (0/5) Lair:5
    Orc (2/2) D:10            Elf (0/3) Orc:2        Vaults (0/5) D:13
 Depths (1/5) D:15

Altars:
Ashenzari
Cheibriados
Dithmenos
Fedhas
Gozag
Makhleb
Nemelex Xobeh
Qazlal
Sif Muna
Trog
Uskayaw
Vehumet
Wu Jian
Xom
Zin
The Shining One
Beogh
Jiyva

Shops:
D:4 (   D:8 [   Orc:2 *[![(   Snake:3 =*?[*

Portals:
Ziggurat: Depths:1

Annotations:
Lair:2 exclusion: oklob plant


Innate Abilities, Weirdness & Mutations

Your experience applies equally to all skills.
You have very sharp teeth.
Your uncanny sense of smell can sniff out nearby items.
You are somewhat resistant to further mutation.
You expend magic power (3 MP) to strengthen your wands.


Message History

The deep troll bites you!!
* * * LOW HITPOINT WARNING * * *
The deep troll misses you. The deep troll completely misses you.
There is a staircase back to the Dungeon here.
The deep troll misses you. x2; The deep troll closely misses you.
You climb upwards.
Welcome back to the Dungeon!
There is a staircase to the Depths here.
Casting: Lightning Bolt (safe; 3% risk of failure)
Confirm with . or Enter, or press ? or * to list all spells.
Your skin crawls.
The deep troll misses you. The deep troll barely misses you. x2
You are too injured to fight recklessly!
Firing (i - inventory)
w - 364 arrows (quivered)
Press: ? - help, Shift-Dir - straight line, f - deep troll
Aim: a deep troll (lightly wounded, fast, unusually strong, poisoned)
You shoot an arrow. The arrow hits the deep troll!
The deep troll looks as sick as possible!
The deep troll is moderately wounded.
The deep troll completely misses you. The deep troll claws you!
You die...
Your body glows with a rainbow of weird colours and disappears.

#.......##.#...#+#.##.
##...#..##......#.....
##.....####.#####.#.#
#..#.#.###########'#'
#......##≈§≈≈≈≈##.#.#
##..#..##≈...[.##....
#......##≈...#.#...P⌠
##..<.<.##≈...#.'#.P8P
#########....@..##≈.##..#..⌠P.
#............T..##≈.....+#....
#######.##########≈[....###.#.
###########≈##.....#'#'#
##≈≈§§≈≈§###+..<).)...
#≈≈([§...##.#'..)..)##
##≈§......+#)#+....#..
#≈≈..#.##..'#.#+..§#..
##§)...##...+#.##§..§.


You could see a deep troll.

Vanquished Creatures
  Saint Roka (Snake:2)
  Rupert (Orc:2)
  A sphinx (D:15)
  Agnes (D:14)
  5 nagarajas (Snake:4)
  Donald (Snake:2)
  An orc warlord (Orc:1)
  A frost giant (D:15)
  A fire giant (D:15)
  3 dire elephants (Lair:6)
  2 minotaurs (Lair:6)
  2 fire dragons (D:15)
  An ogre mage (D:15)
  3 yaktaur captains (D:15)
  10 naga warriors
  An ice dragon (D:15)
  Erolcha (D:12)
  3 catoblepae
  11 hydras
  3 vault guards (D:13)
  9 anacondas
  6 two-headed ogres
  6 centaur warriors
  A hell hog (D:11)
  5 death yaks
  2 deep troll shamans (Depths:1)
  19 naga sharpshooters
  An orc high priest (Orc:2)
  7 shock serpents
  A deep elf knight (D:13)
  The ghost of zeros the Summoner, a novice BaSu of Nemelex Xobeh (D:11)
  2 salamander mystics
  9 naga ritualists
  An unseen horror (D:13)
  3 deep elf archers (D:13)
  A flayed ghost (D:15)
  A necromancer (D:15)
  7 mana vipers
  A lindwurm (Lair:6)
  16 deep elf magi
  2 wolf spider zombies (D:15)
  A wolf spider (D:15)
  An orc knight (D:15)
  An orc sorcerer (Orc:2)
  13 ugly things
  5 elephants
  11 salamanders
  A cyclops (D:15)
  5 manticores
  24 naga magi
  31 black mambas
  5 centaur zombies
  21 spiny frogs
  4 guardian serpents
  5 centaur skeletons (D:15)
  3 efreet (D:15)
  A gargoyle (D:13)
  2 rime drakes (Lair:5)
  A freezing wraith (D:15)
  4 kobold demonologists
  6 komodo dragons
  A queen bee (Lair:5)
  5 trolls
  6 meliai
  8 slime creatures
  A troll (shapeshifter) (D:15)
  2 hornets (D:13)
  2 blink frogs (Lair:5)
  A meliai zombie (D:12)
  2 dream sheep (D:8)
  9 hippogriffs
  A centaur simulacrum (D:15)
  18 yaks
  2 shadows (D:15)
  4 wyverns
  A tarantella (shapeshifter) (D:15)
  4 basilisks
  A yak (shapeshifter) (D:15)
  3 hungry ghosts
  2 steam dragons
  4 vampire mosquitoes
  36 nagas
  4 acid dragons
  5 wargs
  6 water moccasins
  9 porcupines
  A hornet zombie (D:13)
  39 orc warriors
  4 phantoms
  A tengu (shapeshifter) (D:15)
  3 black bears
  8 sky beasts
  17 wolves
  19 centaurs
  14 ogres
  4 eyes of draining
  12 crocodiles
  7 big kobolds
  A gnoll sergeant (D:7)
  18 bullfrogs
  7 scorpions
  42 killer bees
  5 wights (D:6)
  3 howler monkeys
  5 electric eels
  13 crimson imps
  10 hounds
  2 quasits (D:11)
  10 jellies
  19 orc priests
  24 orc wizards
  2 bullfrog skeletons
  Natasha (D:2)
  3 iguanas
  12 worker ants
  3 hound zombies
  A hound skeleton (D:9)
  A worker ant zombie (D:5)
  10 gnolls
  A howler monkey skeleton (D:4)
  4 adders
  2 shadow imps
  2 adder skeletons (D:9)
  4 worms
  A dart slug (D:3)
  7 leopard geckos
  102 orcs
  A ball python (D:1)
  5 giant cockroaches
  5 goblins
  2 hobgoblins (D:1)
  15 jackals
  2 quokkas
  12 bats
  5 frilled lizards
  A jackal skeleton (D:6)
  16 kobolds
  A quokka zombie (D:5)
  10 rats
  A fungus (Lair:3)
  2 plants (Lair:6)
958 creatures vanquished.

Vanquished Creatures (collateral kills)
  A storm dragon (Snake:1)
  3 nagarajas
  A ghost moth (D:13)
  An orc warlord (Orc:2)
  Aizul (Snake:2)
  Nessos (Lair:4)
  A fire dragon (D:13)
  2 vault guards (D:13)
  An ice dragon (D:13)
  A naga warrior (Snake:2)
  A catoblepas (Lair:5)
  An orc high priest (Orc:2)
  2 naga sharpshooters (Snake:4)
  A shock serpent (Snake:2)
  A naga ritualist (Snake:4)
  An orc knight (Orc:2)
  2 ugly things (D:14)
  A mana viper (Snake:2)
  A salamander (Snake:1)
  4 elephants (Lair:6)
  A guardian serpent (Lair:4)
  6 black mambas
  A centaur zombie (D:15)
  4 naga magi
  2 slime creatures (D:15)
  A hippogriff (D:15)
  3 nagas
  6 orc warriors
  An ogre (D:14)
  An electric eel (Lair:4)
  2 orc priests (Orc:2)
  2 orc wizards (Orc:2)
  10 orcs
68 creatures vanquished.

Vanquished Creatures (others)
  A tengu reaver (Depths:1)
  A naga ritualist (Snake:4)
  A deep elf mage (D:13)
  A mana viper (Snake:2)
  A naga mage (Snake:4)
  A torpor snail (Snake:1)
  A meliai zombie (D:15)
  An orc warrior (Orc:2)
  A killer bee (D:11)
  An orc wizard (Orc:2)
  A worm (Lair:3)
  A ball lightning (D:13)
  2 fungi
  12 plants
26 creatures vanquished.

Grand Total: 1052 creatures vanquished

Notes
Turn   | Place    | Note
-------+----------+-------------------------------------------
     0 | D:1      | Menchi the Gnoll Assassin began the quest for the Orb.
     0 | D:1      | Reached XP level 1. HP: 20/20 MP: 1/1
   109 | D:1      | Reached XP level 2. HP: 26/26 MP: 2/2
   929 | D:1      | Reached XP level 3. HP: 31/31 MP: 3/3
  1053 | D:2      | Found a stormy altar of Qazlal.
  1055 | D:2      | Noticed a water elemental
  1078 | D:2      | Noticed a fire elemental
  1078 | D:2      | Noticed an earth elemental
  1078 | D:2      | Noticed an air elemental
  1255 | D:2      | Found an ornate altar of the Wu Jian Council.
  1417 | D:2      | Found a glowing silver altar of Zin.
  1454 | D:2      | Reached skill level 1 in Invocations
  1620 | D:2      | Noticed Natasha
  1634 | D:2      | Killed Natasha
  1634 | D:2      | Reached skill level 1 in Long Blades
  1634 | D:2      | Reached skill level 1 in Axes
  1634 | D:2      | Reached skill level 1 in Maces & Flails
  1634 | D:2      | Reached skill level 1 in Polearms
  1634 | D:2      | Reached skill level 1 in Staves
  1634 | D:2      | Reached skill level 1 in Slings
  1634 | D:2      | Reached skill level 1 in Bows
  1634 | D:2      | Reached skill level 1 in Crossbows
  1634 | D:2      | Reached skill level 1 in Armour
  1634 | D:2      | Reached skill level 1 in Shields
  1634 | D:2      | Reached skill level 1 in Unarmed Combat
  1634 | D:2      | Reached skill level 1 in Spellcasting
  1634 | D:2      | Reached skill level 1 in Evocations
  1634 | D:2      | Reached XP level 4. HP: 28/38 MP: 5/5
  2237 | D:3      | Reached skill level 1 in Conjurations
  2237 | D:3      | Reached skill level 1 in Hexes
  2237 | D:3      | Reached skill level 1 in Charms
  2237 | D:3      | Reached skill level 1 in Summonings
  2237 | D:3      | Reached skill level 1 in Necromancy
  2237 | D:3      | Reached skill level 1 in Translocations
  2237 | D:3      | Reached skill level 1 in Transmutations
  2237 | D:3      | Reached skill level 1 in Fire Magic
  2237 | D:3      | Reached skill level 1 in Ice Magic
  2237 | D:3      | Reached skill level 1 in Air Magic
  2237 | D:3      | Reached skill level 1 in Earth Magic
  2237 | D:3      | Reached skill level 1 in Poison Magic
  2387 | D:3      | Found a blossoming altar of Fedhas.
  2748 | D:4      | Found a glowing golden altar of the Shining One.
  2762 | D:4      | Reached XP level 5. HP: 13/43 MP: 5/7
  3141 | D:4      | Noticed a sky beast
  3147 | D:4      | Found a staircase to the Ecumenical Temple.
  3168 | D:4      | Found a deep blue altar of Sif Muna.
  3261 | D:4      | Found Geinuplo's Weapon Boutique.
  3628 | D:4      | You fall through a shaft!
  3628 | D:5      | Entered Level 5 of the Dungeon
  3630 | D:5      | Found a deep blue altar of Sif Muna.
  3656 | D:5      | Reached XP level 6. HP: 10/50 MP: 8/8
  3890 | D:4      | Killed a sky beast
  3890 | D:4      | Reached skill level 5 in Fighting
  3890 | D:4      | Reached skill level 5 in Short Blades
  3890 | D:4      | Reached skill level 5 in Throwing
  4753 | D:5      | Reached XP level 7. HP: 36/56 MP: 10/10
  5651 | D:6      | Reached XP level 8. HP: 50/63 MP: 12/12
  6104 | D:6      | Found a radiant altar of Vehumet.
  6380 | D:6      | Found a shadowy altar of Dithmenos.
  6490 | D:7      | Noticed a two-headed ogre
  6548 | D:7      | Reached XP level 9. HP: 56/69 MP: 14/14
  7020 | D:7      | Found a sparkling altar of Nemelex Xobeh.
  7046 | D:7      | Became a worshipper of Nemelex Xobeh the Trickster
  7049 | D:7      | Found a hide-covered altar of Uskayaw.
  7050 | D:7      | Found a shattered altar of Ashenzari.
  7051 | D:7      | Found a burning altar of Makhleb.
  7406 | D:7      | Found a bloodstained altar of Trog.
  7421 | D:7      | Reached skill level 5 in Dodging
  8150 | D:7      | Received a gift from Nemelex Xobeh
  8324 | D:8      | Found Xodghuik's Antique Armour Shop.
  8333 | D:8      | Bought a glowing helmet for 150 gold pieces
  8383 | D:8      | Reached skill level 5 in Invocations
  8575 | D:8      | Reached XP level 10. HP: 77/77 MP: 15/17
  9014 | D:8      | Reached skill level 5 in Long Blades
  9014 | D:8      | Reached skill level 5 in Axes
  9014 | D:8      | Reached skill level 5 in Maces & Flails
  9014 | D:8      | Reached skill level 5 in Polearms
  9014 | D:8      | Reached skill level 5 in Staves
  9014 | D:8      | Reached skill level 5 in Slings
  9014 | D:8      | Reached skill level 5 in Bows
  9014 | D:8      | Reached skill level 5 in Crossbows
  9014 | D:8      | Reached skill level 5 in Armour
  9014 | D:8      | Reached skill level 5 in Shields
  9014 | D:8      | Reached skill level 5 in Unarmed Combat
  9014 | D:8      | Reached skill level 5 in Spellcasting
  9014 | D:8      | Reached skill level 5 in Evocations
  9159 | D:8      | Noticed a three-headed hydra
  9173 | D:8      | Killed a four-headed hydra
  9746 | D:9      | Noticed a deep elf mage
  9747 | D:9      | Found the ring of Phasing {EV+8}
  9754 | D:9      | Killed a deep elf mage
  9764 | D:9      | Reached XP level 11. HP: 54/84 MP: 19/19
 10328 | D:9      | Found a snail-covered altar of Cheibriados.
 10644 | D:10     | Entered Level 10 of the Dungeon
 10711 | D:10     | Reached skill level 5 in Conjurations
 10711 | D:10     | Reached skill level 5 in Hexes
 10711 | D:10     | Reached skill level 5 in Charms
 10711 | D:10     | Reached skill level 5 in Summonings
 10711 | D:10     | Reached skill level 5 in Necromancy
 10711 | D:10     | Reached skill level 5 in Translocations
 10711 | D:10     | Reached skill level 5 in Transmutations
 10711 | D:10     | Reached skill level 5 in Fire Magic
 10711 | D:10     | Reached skill level 5 in Ice Magic
 10711 | D:10     | Reached skill level 5 in Air Magic
 10711 | D:10     | Reached skill level 5 in Earth Magic
 10711 | D:10     | Reached skill level 5 in Poison Magic
 10799 | D:10     | Reached * piety under Nemelex Xobeh
 10917 | D:10     | Found a staircase to the Orcish Mines.
 11014 | D:10     | Received a gift from Nemelex Xobeh
 11602 | Orc:1    | Entered Level 1 of the Orcish Mines
 11653 | D:10     | Reached skill level 10 in Stealth
 12650 | Orc:2    | Entered Level 2 of the Orcish Mines
 12723 | Orc:2    | Noticed Rupert
 12768 | Orc:2    | Killed Rupert
 12781 | Orc:2    | Noticed an orc knight
 12785 | Orc:2    | Reached ** piety under Nemelex Xobeh
 12796 | Orc:2    | Killed an orc knight
 13205 | Orc:2    | Received a gift from Nemelex Xobeh
 13280 | Orc:2    | Found a roughly hewn altar of Beogh.
 13341 | Orc:2    | Found a roughly hewn altar of Beogh.
 13363 | Orc:2    | Reached XP level 12. HP: 93/93 MP: 22/22
 13453 | Orc:2    | Found a roughly hewn altar of Beogh.
 13617 | Orc:2    | Found a staircase to the Elven Halls.
 13660 | Orc:2    | Found a roughly hewn altar of Beogh.
 13661 | Orc:2    | Found Sach's Armour Shoppe.
 13744 | Orc:2    | Noticed an orc warlord
 13760 | Orc:2    | Killed an orc warlord
 13859 | Orc:2    | Noticed an orc high priest
 13860 | Orc:2    | Noticed an orc high priest
 13864 | Orc:2    | Noticed an orc warlord
 13865 | Orc:2    | Killed an orc high priest
 13974 | Orc:2    | Found Juollevu's General Store.
 14068 | Orc:1    | Killed an orc warlord
 14430 | Orc:2    | Found Sausiy's Antique Weapon Shop.
 14431 | Orc:2    | Found a roughly hewn altar of Beogh.
 14467 | Orc:2    | Found Fumeah's Antique Armour Boutique.
 14473 | Orc:2    | Bought a shiny shield for 210 gold pieces
 14489 | Orc:2    | Bought a pitted scimitar for 234 gold pieces
 14489 | Orc:2    | Identified the cursed +0 scimitar of Battle {flame, -Tele
                  | rPois rC+ rN+} (You bought it in a shop on level 2 of the
                  | Orcish Mines)
 14490 | Orc:2    | Bought a faintly glowing shortbow for 208 gold pieces
 14496 | Orc:2    | Bought a pair of embroidered boots for 210 gold pieces
 14506 | Orc:2    | Identified a +1 pair of boots of running (You bought it in
                  | a shop on level 2 of the Orcish Mines)
 14507 | Orc:2    | Identified the +10 shortbow of Makhleb's Wrath {venom,
                  | Str+3 Dex+4} (You bought it in a shop on level 2 of the
                  | Orcish Mines)
 14595 | Orc:2    | Bought 11 arrows for 35 gold pieces
 14867 | Orc:2    | Killed an orc high priest
 15289 | Orc:2    | Found a roughly hewn altar of Beogh.
 15341 | Orc:2    | Found Seschuwn's Distillery.
 15482 | D:11     | Found a shattered altar of Ashenzari.
 15496 | D:11     | Got a fine bronze ring
 15505 | D:11     | Identified the ring "Suaxt" {Wiz MR++ Stlth+} (You found it
                  | on level 11 of the Dungeon)
 15587 | D:11     | Received a gift from Nemelex Xobeh
 15751 | D:11     | Noticed a two-headed ogre
 15757 | D:11     | Killed a two-headed ogre
 15892 | D:11     | Found a runed translucent gate.
 15893 | D:11     | Found a runed translucent gate.
 15895 | D:11     | Found a runed translucent gate.
 15895 | D:11     | Noticed a nine-headed hydra
 15896 | D:11     | Noticed zeros's ghost (novice BaSu)
 15898 | D:11     | Noticed a ten-headed hydra
 15906 | D:11     | Noticed a rakshasa
 15910 | D:11     | Noticed a hell hog
 15910 | D:11     | a rakshasa changed into a hell hog
 15922 | D:11     | Killed a hell hog
 15987 | D:11     | Reached XP level 13. HP: 75/101 MP: 24/24
 16164 | D:11     | Found a staircase to the Lair.
 16922 | D:11     | Killed zeros's ghost
 16942 | D:11     | Got a twisted war axe
 16956 | D:11     | Identified the cursed +1 war axe of Peril {freeze, MR+
                  | Dex+3} (You found it on level 11 of the Dungeon)
 17118 | D:12     | Found a shadowy altar of Dithmenos.
 17526 | D:12     | Reached *** piety under Nemelex Xobeh
 17587 | D:12     | Noticed Erolcha
 17590 | D:12     | Killed Erolcha
 17771 | D:13     | Learned a level 1 spell: Infusion
 17775 | D:13     | Learned a level 3 spell: Regeneration
 17778 | D:13     | Learned a level 2 spell: Song of Slaying
 18068 | D:13     | Received a gift from Nemelex Xobeh
 18342 | D:13     | Noticed a vault guard
 18342 | D:13     | Noticed a vault guard
 18344 | D:13     | Noticed a vault guard
 18345 | D:13     | a vault guard changed into something unseen
 18345 | D:13     | Noticed an ice dragon
 18345 | D:13     | a vault guard changed into an ice dragon
 18345 | D:13     | Noticed a fire dragon
 18345 | D:13     | a vault guard changed into a fire dragon
 18346 | D:13     | Noticed a vault guard
 18351 | D:13     | Killed a ghost moth
 18356 | D:13     | Killed an ice dragon
 18357 | D:13     | Killed a fire dragon
 18358 | D:13     | Noticed a vault guard
 18361 | D:13     | Noticed a vault guard
 18361 | D:13     | Noticed a vault guard
 18372 | D:13     | Killed a vault guard
 18375 | D:13     | Noticed a vault guard
 18378 | D:13     | Killed a vault guard
 18384 | D:13     | Killed a vault guard
 18401 | D:13     | Killed a vault guard
 18436 | D:13     | Killed a vault guard
 18657 | D:13     | Found a gate to the Vaults.
 18755 | D:13     | Reached XP level 14. HP: 102/109 MP: 26/26
 18948 | D:13     | Reached skill level 10 in Fighting
 18948 | D:13     | Reached skill level 10 in Short Blades
 18948 | D:13     | Reached skill level 10 in Throwing
 19038 | D:13     | Identified Faschodgh's Compendium of Lucky Orientation
 19060 | D:13     | Learned a level 4 spell: Force Lance
 19157 | D:13     | Got a pitted jade ring
 19159 | D:13     | Got a brightly glowing great sword
 19160 | D:13     | Identified the +1 great sword of Nyschal {slice, MP+9
                  | Int+2} (You found it on level 13 of the Dungeon)
 19163 | D:13     | Identified the ring of Dishonesty {rElec rC+ Int+2 Dex+4}
                  | (You found it on level 13 of the Dungeon)
 19351 | D:14     | Noticed Agnes
 19362 | D:14     | Killed Agnes
 19775 | D:14     | Received a gift from Nemelex Xobeh
 19830 | D:14     | Reached **** piety under Nemelex Xobeh
 19932 | D:14     | Reached skill level 10 in Invocations
 20065 | D:14     | Received a gift from Nemelex Xobeh
 20328 | Lair:1   | Entered Level 1 of the Lair of Beasts
 20642 | Lair:1   | Received a gift from Nemelex Xobeh
 21271 | Lair:2   | Received a gift from Nemelex Xobeh
 21593 | Lair:2   | Reached ***** piety under Nemelex Xobeh
 21593 | Lair:2   | Received a gift from Nemelex Xobeh
 21802 | Lair:2   | Reached skill level 10 in Axes
 21870 | Lair:2   | Received a gift from Nemelex Xobeh
 21928 | Lair:2   | Found a shimmering altar of Xom.
 22427 | Lair:3   | Received a gift from Nemelex Xobeh
 22626 | Lair:3   | Reached XP level 15. HP: 117/117 MP: 28/28
 22781 | Lair:3   | Received a gift from Nemelex Xobeh
 23229 | Lair:3   | Reached skill level 10 in Dodging
 23327 | Lair:4   | Gained mutation: You are somewhat resistant to further
                  | mutation. [potion of mutation]
 23327 | Lair:4   | Gained mutation: You expend magic power (3 MP) to
                  | strengthen your wands. [potion of mutation]
 23412 | Lair:4   | Received a gift from Nemelex Xobeh
 23491 | Lair:4   | Found a staircase to the Swamp.
 23542 | Lair:4   | Noticed Nessos
 23548 | Lair:4   | Killed Nessos
 23611 | Lair:4   | Found a staircase to the Snake Pit.
 23840 | Lair:5   | Received a gift from Nemelex Xobeh
 23914 | Lair:5   | Identified the +4 robe "Okhusil" {-Cast rF+ MP+9 Dex+2}
                  | (You found it on level 5 of the Lair of Beasts)
 23969 | Lair:5   | Received a gift from Nemelex Xobeh
 24229 | Lair:5   | Reached ****** piety under Nemelex Xobeh
 24436 | Lair:5   | Received a gift from Nemelex Xobeh
 25112 | Lair:5   | Found a runed translucent door.
 25112 | Lair:5   | Found a viscous altar of Jiyva.
 25119 | Lair:5   | Found a staircase to the Slime Pits.
 25281 | Lair:5   | Learned a level 5 spell: Lightning Bolt
 25450 | Lair:6   | Entered Level 6 of the Lair of Beasts
 25507 | Lair:6   | Reached skill level 10 in Long Blades
 25507 | Lair:6   | Reached skill level 10 in Maces & Flails
 25507 | Lair:6   | Reached skill level 10 in Polearms
 25507 | Lair:6   | Reached skill level 10 in Staves
 25507 | Lair:6   | Reached skill level 10 in Slings
 25507 | Lair:6   | Reached skill level 10 in Bows
 25507 | Lair:6   | Reached skill level 10 in Crossbows
 25507 | Lair:6   | Reached skill level 10 in Armour
 25507 | Lair:6   | Reached skill level 10 in Shields
 25507 | Lair:6   | Reached skill level 10 in Unarmed Combat
 25507 | Lair:6   | Reached skill level 10 in Spellcasting
 25507 | Lair:6   | Reached skill level 10 in Evocations
 25744 | Lair:6   | Received a gift from Nemelex Xobeh
 26059 | Lair:6   | Received a gift from Nemelex Xobeh
 27345 | Snake:1  | Entered Level 1 of the Snake Pit
 27595 | Snake:1  | Reached XP level 16. HP: 123/125 MP: 19/30
 27639 | Snake:1  | Received a gift from Nemelex Xobeh
 27936 | Snake:1  | Noticed Jorgrun
 27937 | Snake:1  | Identified the +0 quarterstaff of Annihilation {drain, MP+9
                  | Str+4}
 27951 | Snake:1  | Noticed Jorgrun
 27951 | Snake:1  | Jorgrun changed into Jorgrun the storm dragon
 27981 | Snake:1  | Killed Jorgrun the storm dragon
 28655 | Snake:2  | Received a gift from Nemelex Xobeh
 28887 | Snake:2  | Noticed Aizul
 28905 | Snake:2  | Killed Aizul
 28957 | Snake:2  | Noticed Donald
 28968 | Snake:2  | Killed Donald
 29093 | Snake:2  | Noticed Saint Roka
 29132 | Snake:2  | Killed Saint Roka
 29288 | Snake:2  | Received a gift from Nemelex Xobeh
 30303 | Snake:3  | Found Ixkeg's Magic Scroll Boutique.
 30303 | Snake:3  | Found Fabeckaa's General Store.
 30307 | Snake:3  | Found Wupp's Jewellery Shop.
 30309 | Snake:3  | Found Feutann's Assorted Antiques.
 30337 | Snake:3  | Found Feuttael's Antique Armour Shop.
 30386 | Snake:3  | Bought a pair of embroidered gloves for 270 gold pieces
 30391 | Snake:3  | Bought a pair of glowing gloves for 270 gold pieces
 30558 | Snake:3  | Bought a potion of heal wounds for 85 gold pieces
 30558 | Snake:3  | Bought 3 scrolls of blinking for 382 gold pieces
 30558 | Snake:3  | Bought a scroll of identify for 34 gold pieces
 30558 | Snake:3  | Bought a scroll of blinking for 127 gold pieces
 30558 | Snake:3  | Bought a scroll of magic mapping for 59 gold pieces
 30880 | Snake:3  | Reached XP level 17. HP: 127/133 MP: 32/32
 31258 | Snake:3  | Learned a level 4 spell: Animate Dead
 31497 | Snake:4  | Entered Level 4 of the Snake Pit
 31497 | Snake:4  | Received a gift from Nemelex Xobeh
 31820 | Snake:4  | Learned a level 5 spell: Alistair's Intoxication
 31825 | Snake:4  | Learned a level 4 spell: Airstrike
 32298 | Snake:4  | Received a gift from Nemelex Xobeh
 33267 | Snake:4  | Reached skill level 10 in Conjurations
 33267 | Snake:4  | Reached skill level 10 in Hexes
 33267 | Snake:4  | Reached skill level 10 in Charms
 33267 | Snake:4  | Reached skill level 10 in Summonings
 33267 | Snake:4  | Reached skill level 10 in Necromancy
 33267 | Snake:4  | Reached skill level 10 in Translocations
 33267 | Snake:4  | Reached skill level 10 in Transmutations
 33267 | Snake:4  | Reached skill level 10 in Fire Magic
 33267 | Snake:4  | Reached skill level 10 in Ice Magic
 33267 | Snake:4  | Reached skill level 10 in Air Magic
 33267 | Snake:4  | Reached skill level 10 in Earth Magic
 33267 | Snake:4  | Reached skill level 10 in Poison Magic
 33402 | Snake:4  | Got a serpentine rune of Zot
 33422 | Snake:4  | Got a pair of brightly glowing boots
 33433 | Snake:4  | Identified the +1 pair of boots of Rationality {-Tele rN+
                  | Str+7 Stlth+} (You found it on level 4 of the Snake Pit)
 33783 | D:15     | Entered Level 15 of the Dungeon
 33853 | D:14     | You fall through a shaft!
 33958 | D:15     | Reached XP level 18. HP: 141/141 MP: 33/33
 34277 | D:15     | Found a staircase to the Depths.
 34364 | D:15     | Found a radiant altar of Vehumet.
 34365 | D:15     | Found an opulent altar of Gozag.
 34366 | D:15     | Found a bloodstained altar of Trog.
 34388 | D:15     | Received a gift from Nemelex Xobeh
 34917 | D:15     | Identified the cursed +2 glaive of Setsuikh {chop, rF+}
 35029 | D:15     | Identified the +11 dagger "Wafoloph" {pierce, *Contam rC++}
                  | (You found it on level 15 of the Dungeon)
 35975 | Depths:1 | Entered Level 1 of the Depths
 35980 | Depths:1 | Found a gateway to a ziggurat.
 36054 | Depths:1 | HP: 6/142 [deep troll (34)]
 36060 | D:15     | Mangled by a deep troll

Skill      XL: |  1  2  3  4  5  6  7  8  9 10 11 12 13 14 15 16 17 18 |
---------------+-------------------------------------------------------+-----
Invocations    | 1 2 3 4 5 6 7 8 9 10 11 12 13 | 13.0
Long Blades    | 1 2 3 4 5 6 7 8 9 10 11 12 | 12.1
Axes           | 1 2 3 4 5 6 7 8 10 11 12 13 | 13.4
Maces & Flails | 1 2 3 4 5 6 7 8 9 10 11 12 | 12.1
Polearms       | 1 2 3 4 5 6 7 8 9 10 11 12 | 12.1
Staves         | 1 2 3 4 5 6 7 8 9 10 11 12 | 12.1
Slings         | 1 2 3 4 5 6 7 8 9 10 11 12 | 12.1
Bows           | 1 2 3 4 5 6 7 8 9 10 11 12 | 12.1
Crossbows      | 1 2 3 4 5 6 7 8 9 10 11 12 | 12.2
Armour         | 1 2 3 4 5 6 7 8 9 10 11 12 | 12.1
Shields        | 1 2 3 4 5 6 7 8 9 10 11 12 | 12.1
Unarmed Combat | 1 2 3 4 5 6 7 8 9 10 11 12 | 12.1
Spellcasting   | 1 2 3 4 5 6 7 8 9 10 11 12 | 12.1
Evocations     | 1 2 3 4 5 6 7 8 9 10 11 12 | 12.1
Conjurations   | 1 2 3 4 5 6 7 8 9 10 | 10.3
Hexes          | 1 2 3 4 5 6 7 8 9 10 | 10.3
Charms         | 1 2 3 4 5 6 7 8 9 10 | 10.3
Summonings     | 1 2 3 4 5 6 7 8 9 10 | 10.3
Necromancy     | 1 2 3 4 5 6 7 8 9 10 | 10.3
Translocations | 1 2 3 4 5 6 7 8 9 10 | 10.3
Transmutations | 1 2 3 4 5 6 7 8 9 10 | 10.3
Fire Magic     | 1 2 3 4 5 6 7 8 9 10 | 10.3
Ice Magic      | 1 2 3 4 5 6 7 8 9 10 | 10.3
Air Magic      | 1 2 3 4 5 6 7 8 9 10 | 10.3
Earth Magic    | 1 2 3 4 5 6 7 8 9 10 | 10.3
Poison Magic   | 1 2 3 4 5 6 7 8 9 10 | 10.3
Dodging        | 3 4 5 6 7 8 9 10 11 12 | 12.3
Stealth        | 8 9 10 11 12 13 | 13.9
Fighting       | 5 6 7 8 9 10 11 12 | 12.8
Short Blades   | 5 6 7 8 9 10 11 12 | 12.8
Throwing       | 5 6 7 8 9 10 11 12 | 12.8

Action                   |  1- 3 |  4- 6 |  7- 9 | 10-12 | 13-15 | 16-18 || total
-------------------------+-------+-------+-------+-------+-------+-------++-------
Melee: Whip              |    85 |   165 |     1 |       |       |       ||   251
       Bite              |     9 |    20 |    69 |   103 |     1 |       ||   202
       Punch             |       |     2 |     4 |    34 |       |       ||    40
       Falchion          |       |       |   333 |   530 |       |       ||   863
       Shortbow          |       |       |       |       |     2 |       ||     2
 Fire: Shortbow          |       |       |       |   162 |  1323 |  1566 ||  3051
Throw: Tomahawk          |       |    14 |    39 |    89 |       |       ||   142
 Cast: Song of Slaying   |       |       |       |       |     4 |       ||     4
       Infusion          |       |       |       |       |     3 |     1 ||     4
       Regeneration      |       |       |       |       |    30 |    58 ||    88
       Lightning Bolt    |       |       |       |       |     2 |    16 ||    18
       Animate Dead      |       |       |       |       |       |    31 ||    31
       Alistair's Intoxi |       |       |       |       |       |     1 ||     1
 Abil: Draw Destruction  |       |       |       |    14 |    24 |    11 ||    49
       Draw Escape       |       |       |       |     4 |     3 |     3 ||    10
       Draw Summoning    |       |       |       |     6 |    12 |    13 ||    31
Evoke: Wand              |       |       |     2 |    32 |     7 |    23 ||    64
  Use: Scroll            |       |     3 |    11 |     5 |    26 |    10 ||    55
       Potion            |       |       |     2 |     5 |     4 |     8 ||    19
 Stab: Sleeping          |    16 |     6 |     6 |     9 |       |       ||    37
       Distracted        |       |       |       |     1 |       |       ||     1
  Eat: Chunk             |     2 |     6 |    12 |    17 |    41 |    29 ||   107
       Ration            |       |     1 |     1 |     2 |       |     2 ||     6
Armor: Robe              |    29 |    48 |     3 |       |     3 |       ||    83
       Ring mail         |       |       |   124 |    86 |    76 |    96 ||   382
       Steam dragon scal |       |       |       |    75 |    57 |       ||   132
Dodge: Dodged            |    48 |   104 |   230 |   616 |   898 |   799 ||  2695
       Deflected         |       |       |       |     8 |    23 |   118 ||   149
       Rpst.: Falchion   |       |       |    69 |   146 |       |       ||   215
